 Dungeon Crawl Stone Soup version 0.29.1-12-g30fa7ad0bf (webtiles) character file.

Game seed: 14605083157486094506

118 mopl the Ducker (level 5, -13/47 HPs)
             Began as a Gnoll Monk on Jan 5, 2023.
             Killed by divine providence
             ... invoked by an orc priest
              (17 damage)
             ... on level 2 of the Dungeon.
             The game lasted 00:02:55 (1948 turns).

mopl the Ducker (Gnoll Monk)                        Turns: 1948, Time: 00:02:55

Health: -13/47     AC:  5    Str: 12    XL:     5   Next: 2%
Magic:  7/7        EV: 13    Int: 10    God:
Gold:   43         SH:  0    Dex: 14    Spells: 6/6 levels left

rFire   . . .      SeeInvis .   j - +1 whip (pain)
rCold   . . .      Faith    .   (no shield)
rNeg    . . .      Spirit   .   m - +0 ring mail
rPois   .          Reflect  .   (no helmet)
rElec   .          Harm     .   (no cloak)
rCorr   .          Rampage  .   (no gloves)
Will    .....                   (no boots)
Stlth   ++........              (no amulet)
HPRegen 0.15/turn               (no ring)
MPRegen 0.10/turn               (no ring)

@: no status effects
A: fangs 1, strong nose, distributed training
a: no special abilities


You were on level 2 of the Dungeon.
You visited 1 branch of the dungeon, and saw 2 of its levels.

You collected 76 gold pieces.
You spent 33 gold pieces at shops.

Inventory:

Hand Weapons
 a - a +0 mace
 i - a +0 flail
 j - a +1 whip of pain (weapon)
Missiles
 g - 2 poisoned darts (quivered)
Armour
 m - a +0 ring mail (worn)
Magical Staves
 b - a staff of earth
Scrolls
 d - a scroll of identify {unknown}
 k - a scroll of teleportation {unknown}
Potions
 c - a potion of ambrosia
 e - a potion of heal wounds {unknown}
 f - a potion of haste {unknown}
 h - a potion of attraction {unknown}
 l - a potion of curing


   Skills:
 + Level 6.6 Fighting
 + Level 1.4 Short Blades
 + Level 1.4 Long Blades
 + Level 1.4 Axes
 + Level 6.6 Maces & Flails
 + Level 1.4 Polearms
 + Level 1.4 Staves
 + Level 1.4 Ranged Weapons
 + Level 1.4 Throwing
 + Level 1.4 Armour
 + Level 6.6 Dodging
 + Level 4.3 Stealth
 + Level 1.4 Shields
 + Level 1.4 Unarmed Combat
 + Level 1.4 Spellcasting
 + Level 1.1 Conjurations
 + Level 1.1 Hexes
 + Level 1.1 Summonings
 + Level 1.1 Necromancy
 + Level 1.1 Translocations
 + Level 1.1 Transmutations
 + Level 1.1 Fire Magic
 + Level 1.1 Ice Magic
 + Level 1.1 Air Magic
 + Level 1.1 Earth Magic
 + Level 1.1 Poison Magic
 + Level 1.5 Invocations
 + Level 1.4 Evocations


You had 6 spell levels left.
You didn't know any spells.
Your spell library was empty.

Dungeon Overview and Level Annotations

Branches:
Dungeon (2/15)

Altars:

Shops:
D:2 !


Innate Abilities, Weirdness & Mutations

You have very sharp teeth.
Your uncanny sense of smell can sniff out nearby items.
Your experience applies equally to all skills.


Message History

The orc misses you.
You hit the orc.
The orc is almost dead.
The orc closely misses you.
The orc priest calls upon Beogh to heal the orc.
The orc is healed somewhat.
You hit the orc but do no damage.
The orc writhes in agony.
The orc is moderately wounded.
You closely miss the orc.
The orc is moderately wounded.
The orc misses you.
You barely miss the orc. You bite the orc, but do no damage.
The orc is moderately wounded.
The orc misses you.
You hit the orc.
The orc is almost dead.
The orc closely misses you.
You hit the orc.
You kill the orc!
The orc completely misses you. The orc priest misses you.
Items here: )) [ †.
You hit the orc priest but do no damage.
The orc hits you with a +0 dagger. The orc priest hits you with a +0 club.
You hit the orc priest.
The orc priest is lightly wounded.
The orc hits you but does no damage. The orc priest hits you with a +0 club.
The orc attacks as you move away! The orc hits you but does no damage.
The orc attacks as you move away! The orc closely misses you.
The orc priest mumbles some strange prayers to Beogh against you.
Beogh smites you! The orc attacks as you move away!
The orc hits you but does no damage. The orc attacks as you move away!
The orc hits you with a +0 dagger. The orc attacks as you move away!
The orc hits you with a +0 dagger. The orc attacks as you move away!
The orc hits you with a +0 dagger.
The orc priest mumbles some strange prayers to Beogh against you.
Beogh smites you!
* * * LOW HITPOINT WARNING * * *
The orc priest invokes the aid of Beogh against you.
Beogh smites you!
You die...

#......# #.##....
∆#..#...# #.##.###
#..#...# #......(
#..#o..# #.##.###
#..#...#######.##.#..
#..#...#.......##.#..
#..#...#.####..##....
#..#o#...............
...#@......)....#####
###.#.#......#####
#.....#.#.......
#.........#..#####
#..........#.###
#..............#
............#.#.#
.............#.#.#
#....#####....#.#.#


You could see an orc priest and an orc.

Vanquished Creatures
  4 gnolls
  2 adders (D:2)
  2 dart slugs (D:1)
  2 orcs (D:2)
  A ball python (D:2)
  2 bats (D:1)
  4 endoplasms
  A giant cockroach (D:1)
  2 goblins (D:1)
  7 hobgoblins
  10 jackals
  7 quokkas
  A frilled lizard (D:2)
  3 kobolds (D:1)
  4 rats
52 creatures vanquished.

Notes
Turn   | Place    | Note
-------+----------+-------------------------------------------
     0 | D:1      | mopl the Gnoll Monk began the quest for the Orb.
     0 | D:1      | Reached XP level 1. HP: 23/23 MP: 1/1
   317 | D:1      | Reached XP level 2. HP: 29/29 MP: 2/2
   520 | D:1      | Reached XP level 3. HP: 25/35 MP: 3/3
   795 | D:1      | Reached skill level 1 in Invocations
  1100 | D:2      | Reached skill level 1 in Short Blades
  1100 | D:2      | Reached skill level 1 in Long Blades
  1100 | D:2      | Reached skill level 1 in Axes
  1100 | D:2      | Reached skill level 1 in Polearms
  1100 | D:2      | Reached skill level 1 in Staves
  1100 | D:2      | Reached skill level 1 in Ranged Weapons
  1100 | D:2      | Reached skill level 1 in Throwing
  1100 | D:2      | Reached skill level 1 in Armour
  1100 | D:2      | Reached skill level 1 in Shields
  1100 | D:2      | Reached skill level 1 in Unarmed Combat
  1100 | D:2      | Reached skill level 1 in Spellcasting
  1100 | D:2      | Reached skill level 1 in Evocations
  1323 | D:1      | Reached XP level 4. HP: 26/41 MP: 5/5
  1694 | D:2      | Found Hushruehi's Distillery.
  1708 | D:2      | Bought a potion of curing for 33 gold pieces
  1745 | D:2      | Reached skill level 1 in Conjurations
  1745 | D:2      | Reached skill level 1 in Hexes
  1745 | D:2      | Reached skill level 1 in Summonings
  1745 | D:2      | Reached skill level 1 in Necromancy
  1745 | D:2      | Reached skill level 1 in Translocations
  1745 | D:2      | Reached skill level 1 in Transmutations
  1745 | D:2      | Reached skill level 1 in Fire Magic
  1745 | D:2      | Reached skill level 1 in Ice Magic
  1745 | D:2      | Reached skill level 1 in Air Magic
  1745 | D:2      | Reached skill level 1 in Earth Magic
  1745 | D:2      | Reached skill level 1 in Poison Magic
  1925 | D:2      | Reached XP level 5. HP: 47/47 MP: 7/7
  1948 | D:2      | Killed from afar by an orc priest

Illustrated notes

Levels and vault maps discovered:
D:1:      zaba_arrival_water, layout_basic, minmay_misc_feat_x,
          hangedman_decor_opposing, minivault_4, chequers_mini_garden,
          nrook_campfire
D:2:      layout_basic, ebering_ecumenical_altar_webs, serial_shops,
          nicolae_shop_trees, minmay_split_cup_large

Skill      XL: |  1  2  3  4 |
---------------+-------------+-----
Invocations    | 1 |  1.5
Short Blades   | 1 |  1.4
Long Blades    | 1 |  1.4
Axes           | 1 |  1.4
Polearms       | 1 |  1.4
Staves         | 1 |  1.4
Ranged Weapons | 1 |  1.4
Throwing       | 1 |  1.4
Armour         | 1 |  1.4
Shields        | 1 |  1.4
Unarmed Combat | 1 |  1.4
Spellcasting   | 1 |  1.4
Evocations     | 1 |  1.4
Conjurations   | 1 |  1.1
Hexes          | 1 |  1.1
Summonings     | 1 |  1.1
Necromancy     | 1 |  1.1
Translocations | 1 |  1.1
Transmutations | 1 |  1.1
Fire Magic     | 1 |  1.1
Ice Magic      | 1 |  1.1
Air Magic      | 1 |  1.1
Earth Magic    | 1 |  1.1
Poison Magic   | 1 |  1.1
Fighting       | |  6.6
Maces & Flails | |  6.6
Dodging        | |  6.6
Stealth        | |  4.3

Action                   |  1- 3 |  4- 6 || total
-------------------------+-------+-------++-------
Melee: Mace              |   125 |     4 ||   129
       Bite              |    10 |     9 ||    19
       Punch             |     1 |       ||     1
       Whip              |       |    38 ||    38
       Flail             |       |     4 ||     4
 Stab: Sleeping          |     3 |     1 ||     4
Armor: Robe              |    18 |     1 ||    19
       Ring mail         |       |     8 ||     8
Dodge: Dodged            |   125 |    23 ||   148
